 Dungeon Sprint DCSS version 0.31-a0-1074-g0b22e4e0f1 (webtiles) character file.

Game seed: 2698190103341339678

18764 fingers the Hoplite (level 12, -8/97 (111) HPs)
             Began as a Barachi Fighter on Nov 28, 2023.
             Was the Champion of Lugonu.
             Mangled by a soul eater (15 damage)
             ... in the Dungeon (Sprint V: "Ziggurat Sprint").
             The game lasted 00:14:50 (1663 turns).

fingers the Hoplite (Barachi Fighter)               Turns: 1663, Time: 00:14:50

HP:   -8/97 (111)   AC: 31    Str: 33    XL:     12   Next: 61%
MP:   12/12         EV:  2    Int:  9    God:    Lugonu [******]
Gold: 0             SH: 34    Dex: 13    Spells: 11/11 levels left

rFire   + + .        O - +8 trident of Fate {flame, rElec}
rCold   + . .        F - +18 shield of the Gong {Loud rN+ Will+ rCorr EV-5}
rNeg    + . .        E - +15 Maxwell's patent armour {-Cast -Tele rElec Will+ rCorr}
rPois   .            (no helmet)
rElec   +            M - scarf {rC+ rF+}
rCorr   +            (no gloves)
SInv    .            (no boots)
Will    ++...        (no amulet) Stlth
                     A - +6 ring of strength
HPRegen 0.36/turn    N - ring of Buemuvusee {rF+ Str+6 Slay+2}
MPRegen 0.13/turn

%: no teleportation, no spellcasting
@: on berserk cooldown, slowed, constricted, studying Stealth, heavily drained,
very slow
A: amphibious, slowness 1, strong legs 1, +LOS, inability to drink after injury
1
a: Hop, Renounce Religion, Banish, Corrupt, Brand Weapon With Distortion


You were in the Dungeon.
You worshipped Lugonu.
Lugonu was exalted by your worship.
You visited 1 branch

Inventory:

Hand Weapons
 a - a +0 trident
 C - a +5 bardiche
 D - a +5 demon trident
 H - the +4 halberd "Loricw" {venom, Stlth+}
   (You found it in the Dungeon)

   Stlth+:    It makes you more stealthy.
 O - the +8 trident of Fate (weapon) {flame, rElec}
   (You found it in the Dungeon)

   rElec:     It insulates you from electricity.
Armour
 b - a +0 scale mail
 c - a +0 buckler
 f - a scarf of invisibility
 E - the +15 Maxwell's patent armour (worn) {-Cast -Tele rElec Will+ rCorr}
   (You found it in the Dungeon)

   rElec:     It insulates you from electricity.
   Will+:     It increases your willpower.
   -Cast:     It prevents spellcasting.
   -Tele:     It prevents most forms of teleportation.
   rCorr:     It protects you from acid and corrosion.
 F - the +18 shield of the Gong (worn) {Loud rN+ Will+ rCorr EV-5}
   (You found it in the Dungeon)

   Loud:      It is deafeningly noisy when blocking attacks.
   EV-5:      It affects your evasion (-5).
   rN+:       It protects you from negative energy.
   Will+:     It increases your willpower.
   rCorr:     It protects you from acid and corrosion.
 I - the orb of Beogh's Indignation {*channel, Rampage rPois MP-9 Str+2 Stlth+}
   (You found it in the Dungeon)

   Str+2:     It affects your strength (+2).
   rPois:     It protects you from poison MP-9: It affects your magic capacity
   (-9).
   Rampage:   It bestows one free step when moving towards enemies.
   Stlth+:    It makes you more stealthy.
 M - a scarf of resistance (worn)
 S - a scarf of repulsion
Jewellery
 v - a ring of flight
 w - a +6 ring of dexterity
 x - a +6 ring of dexterity
 y - a +6 ring of intelligence
 z - a +6 ring of intelligence
 A - a +6 ring of strength (left hand)
 B - a +6 ring of strength
 G - a +6 ring of dexterity
 J - an amulet of faith
 L - the ring "Wesugaum" {rF+ rC+}
   (You found it in the Dungeon)

   [ring of protection from fire]

   rF+:       It protects you from fire.
   rC+:       It protects you from cold.
 N - the ring of Buemuvusee (right hand) {rF+ Str+6 Slay+2}
   (You found it in the Dungeon)

   [ring of strength]

   Str+6:     It affects your strength (+6).
   Slay+2:    It affects your accuracy & damage with ranged weapons and melee
   (+2).
   rF+:       It protects you from fire.
 R - a ring of see invisible
 T - the amulet "Uwaegix" {Acrobat rPois Str+3}
   (You found it in the Dungeon)

   [amulet of the acrobat]

   Acrobat:   It increases your evasion while moving and waiting.
   Str+3:     It affects your strength (+3).
   rPois:     It protects you from poison
Talismans
 U - a granite talisman
Wands
 n - a wand of flame (48)
 s - a wand of mindburst (18)
 t - a wand of iceblast (11)
 u - a wand of quicksilver (7)
 K - a wand of charming (3)
 P - a wand of digging (5)
 Q - a wand of polymorph (5)
Scrolls
 j - 4 scrolls of blinking
 o - 4 scrolls of amnesia
 p - 7 scrolls of fog
 q - 5 scrolls of identify
 r - a scroll of fear
Potions
 d - 5 potions of might
 e - 7 potions of curing
 g - 9 potions of haste
 h - 7 potions of magic
 i - 2 potions of berserk rage
 k - 2 potions of brilliance
 l - 2 potions of invisibility
 m - a potion of resistance


   Skills:
 + Level 16.0 Fighting
 + Level 15.2 Polearms
 + Level 14.9 Armour
 + Level 3.4 Dodging
 + Level 0.4 Stealth
 + Level 23.2 Shields
 + Level 3.5 Evocations


You had 11 spell levels left.
You didn't know any spells.
Your spell library contained the following spells:

 Spells                   Type           Power      Damage    Failure   Level
 Freeze                   Ice            0%         1d3       91%         1
 Necrotise                Necr           0%         1d4       91%         1
 Shock                    Conj/Air       0%         1d3       91%         1
 Jinxbite                 Hex            0%         N/A       97%         2
 Sublimation of Blood     Necr           0%         N/A       97%         2
 Dazzling Flash           Conj/Hex       0%         N/A       99%         3
 Frozen Ramparts          Ice            0%         1d1       99%         3
 Gell's Gravitas          Tloc           0%         N/A       99%         3
 Hailstorm                Conj/Ice       0%         3d3       99%         3
 Ignite Poison            Fire/Tmut/Pois 0%         N/A       99%         3
 Summon Guardian Golem    Hex/Summ       0%         N/A       99%         3
 Swiftness                Air            0%         N/A       99%         3
 Teleport Other           Tloc           0%         N/A       99%         3
 Tukima's Dance           Hex            0%         N/A       99%         3
 Volatile Blastmotes      Fire/Tloc      0%         2d10      99%         3
 Airstrike                Air            0%         2d(0-16)  100%        4
 Anguish                  Hex/Necr       0%         N/A       100%        4
 Animate Dead             Necr           0%         N/A       100%        4
 Cause Fear               Hex            0%         N/A       100%        4
 Dimensional Bullseye     Hex/Tloc       0%         N/A       100%        4
 Fulminant Prism          Conj/Hex       0%         3d5       100%        4
 Iskenderun's Mystic Bla  Conj/Tloc      0%         2d3       100%        4
 Arcjolt                  Conj/Air       0%         1d10      100%        5
 Iskenderun's Battlesphe  Conj           0%         2d6       100%        5
 Summon Forest            Summ/Tloc      0%         N/A       100%        5
 Summon Mana Viper        Hex/Summ       0%         N/A       100%        5
 Bombard                  Conj/Erth      0%         9d1       100%        6
 Death Channel            Necr           0%         N/A       100%        6
 Dispersal                Tloc           0%         N/A       100%        6
 Starburst                Conj/Fire      0%         6d3       100%        6
 Summon Cactus Giant      Summ           0%         N/A       100%        6
 Haunt                    Necr/Summ      0%         N/A       100%        7
 Spellforged Servitor     Conj/Summ      0%         N/A       100%        7
 Infestation              Necr           0%         N/A       100%        8
 Maxwell's Capacitive Co  Air            0%         ∞         100%        8


Dungeon Overview and Level Annotations

Branches:
Dungeon (1/1)

Altars:
Ashenzari
Cheibriados
Dithmenos
Elyvilon
Fedhas
Gozag
Hepliaklqana
Kikubaaqudgha
Makhleb
Nemelex Xobeh
Okawaru
Qazlal
Ru
Sif Muna
Trog
Uskayaw
Vehumet
Wu Jian
Xom
Yredelemnul
Zin
The Shining One
Jiyva
Lugonu

Annotations:
D 1 transporter


Innate Abilities, Weirdness & Mutations

You are amphibious.
You cover ground slowly.
You can hop short distances.
You have an extended range of vision and can be seen from far away.
You occasionally lose the ability to drink potions when taking damage.


Message History

You feel better.
The adder zombie bites you but does no damage.
You block the spectral adder's attack.
GONNNNG!
You block the quokka skeleton's attack.
PTOANNNG!
The soul eater hits you.
* * * LOW HITPOINT WARNING * * *
You partially resist.
You feel drained. You block the soul eater's attack.
BONNNG!
The ball python zombie bites you but does no damage.
The ball python zombie constricts you.
The shadow dragon bites you but does no damage.
The shadow dragon claws you but does no damage.
The shadow dragon completely misses you.
The adder zombie bites you but does no damage.
The spectral adder bites you but does no damage.
You feel better. You block the soul eater's attack.
GONNNNG!
You block the quokka skeleton's attack.
BOUMMMMG!
You block the ball python zombie's attack.
GONNNNG!
The ball python zombie constricts you. The soul eater barely misses you.
The shadow dragon bites you!
* * * LOW HITPOINT WARNING * * *
You partially resist.
You feel drained.
* * * LOW HITPOINT WARNING * * *
The shadow dragon claws you but does no damage. x2
The spectral adder bites you.
* * * LOW HITPOINT WARNING * * *
The adder zombie bites you but does no damage.
The shadow dragon bites you!
* * * LOW HITPOINT WARNING * * *
The shadow dragon completely misses you.
The shadow dragon claws you.
* * * LOW HITPOINT WARNING * * *
The soul eater hits you but does no damage.
The soul eater hits you!
You die...

▓....8©8....▓....©....▓
▓..:[|=:[)..▓▓▓▓▓▓▓▓▓▓▓
▓...)[/=:...▓...8©8...▓
▓...........▓..).)[)..▓
▓...........▓.....|...▓
▓...........▓.........▓
▓.....Z.....▓.........▓
▓...ZZ3Z....▓.........▓
▓...ZD@3....▓.........▓
▓....Z.Z....▓.▓.....▓.▓
▓.....©.....▓....©....▓
▓▓▓▓▓▓▓▓▓▓▓▓▓▓▓▓▓▓▓▓▓▓▓
▓...8©8...▓...8©8...▓..
▓..|.|..).▓.....|...▓..
▓...)[....▓..)......▓..
▓.........▓.........▓..
▓.........▓.........▓..


You could see a shadow dragon, 2 soul eaters, a spectral adder, a spectral giant
cockroach, 2 ball python zombies, an adder zombie, a ball python skeleton and a
quokka skeleton.

Vanquished Creatures
  2 tentacled starspawn (D)
  A frost giant (D)
  A cacodemon (D)
  A ghoul (D)
  An ironbound preserver (D)
  A blizzard demon (D)
  A mummy priest (D)
  An ice dragon (D)
  A yaktaur captain (D)
  A dancing weapon (D)
  A spriggan air mage (D)
  A thrashing horror (D)
  A soul eater (D)
  A glowing orange brain (D)
  A lindwurm (D)
  A deep elf archer (D)
  A will-o-the-wisp (D)
  A worldbinder (D)
  2 elephants (D)
  4 toenail golems (D)
  A vault sentinel (D)
  A cane toad (D)
  3 komodo dragons (D)
  An ice devil (D)
  A guardian mummy (D)
  A raiju (D)
  2 tarantellas (D)
  An ushabti (D)
  A wyvern (D)
  A fire elemental (D)
  2 yaks (D)
  A small abomination (D)
  A water moccasin (D)
  2 ice beasts (D)
  2 centaurs (D)
  2 earth elementals (D)
  3 scorpions (D)
  6 crimson imps (D)
  A quasit (D)
  An iron imp (D)
  2 mummies (D)
  7 shadow imps (D)
  2 white imps (D)
  An ufetubus (D)
  An adder simulacrum (D)
  A ball python zombie (D)
73 creatures vanquished.

Vanquished Creatures (collateral kills)
  A white imp (D)
1 creature vanquished.

Vanquished Creatures (others)
  A freezing wraith (D)
  A quasit (D)
  A bat simulacrum (D)
  6 starspawn tentacles (D)
9 creatures vanquished.

Grand Total: 83 creatures vanquished

Notes
Turn   | Place    | Note
-------+----------+-------------------------------------------
     0 | D        | Found the +6 Majin-Bo {spellvamp, MP+6 Int+6}
     0 | D        | Found the +27 heavy crossbow "Sniper" {heavy, Acc+∞ SInv}
     0 | D        | Found the +10 dark maul {heavy}
     0 | D        | Found the +15 Maxwell's patent armour {-Cast -Tele rElec
                  | Will+ rCorr}
     0 | D        | Found the +18 shield of the Gong {Loud rN+ Will+ rCorr
                  | EV-5}
     0 | D        | Found the +16 obsidian axe {drain, demonic, Mesm Drain Fly
                  | SInv}
     0 | D        | Found the +7 great mace "Firestarter" {flame, immolate,
                  | rFlCloud rF++}
     0 | D        | Found the +6 shillelagh "Devastator" {shatter}
     0 | D        | Found the +11 plutonium sword {Contam Stlth-}
     0 | D        | Found the +8 lance "Wyrmbane" {slay drac, rPois rF+ rC+
                  | AC+3}
     0 | D        | Found the +9 sword of Zonguldrok {reap}
     0 | D        | Found the +13 scythe of Curses {drain, curses, Drain}
     0 | D        | Found the +9 sword of Power {lifebolt}
     0 | D        | Found the +7 mace of Variability {chaos, chaos arc}
     0 | D        | Found the +11 Singing Sword {sonic wave}
     0 | D        | Found the +8 storm bow {elec, penet}
     0 | D        | fingers the Barachi Fighter began the quest for the Orb.
     0 | D        | Reached XP level 1. HP: 18/18 MP: 1/1
     1 | D        | Found a transporter.
     1 | D        | Found an ancient bone altar of Kikubaaqudgha.
     1 | D        | Found a viscous altar of Jiyva.
     1 | D        | Found a corrupted altar of Lugonu.
     1 | D        | Found a hazy altar of Hepliaklqana.
     1 | D        | Found a burning altar of Makhleb.
     1 | D        | Found an opulent altar of Gozag.
    58 | D        | Became a worshipper of Lugonu the Unformed
    85 | D        | Reached skill level 5 in Fighting
    85 | D        | Reached skill level 5 in Polearms
    85 | D        | Reached skill level 5 in Armour
    85 | D        | Reached skill level 4 in Shields
    85 | D        | Reached XP level 2. HP: 27/27 MP: 2/2
    86 | D        | Entered arena 2.
    86 | D        | Noticed a centaur
    86 | D        | Noticed a centaur
    86 | D        | Found a transporter.
    91 | D        | Killed a centaur
    92 | D        | Reached skill level 6 in Shields
    92 | D        | Reached XP level 3. HP: 33/35 MP: 3/3
    92 | D        | Reached XP level 4. HP: 39/41 MP: 4/4
    93 | D        | Killed a centaur
    94 | D        | Reached skill level 7 in Shields
    94 | D        | Reached XP level 5. HP: 47/49 MP: 5/5
   109 | D        | Entered arena 3.
   109 | D        | Noticed a fire elemental
   109 | D        | Noticed a +1 heavy long sword
   109 | D        | Noticed a deep elf archer
   109 | D        | Found a transporter.
   123 | D        | Killed a +1 heavy long sword
   123 | D        | Reached * piety under Lugonu
   124 | D        | Reached skill level 10 in Fighting
   124 | D        | Reached skill level 11 in Shields
   124 | D        | Reached XP level 6. HP: 60/60 MP: 6/6
   124 | D        | Reached XP level 7. HP: 66/66 MP: 7/7
   126 | D        | Killed a fire elemental
   127 | D        | Reached skill level 10 in Armour
   127 | D        | Reached skill level 12 in Shields
   127 | D        | Reached XP level 8. HP: 73/73 MP: 8/8
   138 | D        | Killed a deep elf archer
   139 | D        | Reached skill level 13 in Shields
   143 | D        | Got the +4 halberd "Loricw" {venom, Stlth+}
   145 | D        | Entered arena 4.
   145 | D        | Noticed a lindwurm
   145 | D        | Noticed a vault sentinel
   145 | D        | Noticed a yaktaur captain
   145 | D        | Noticed an ironbound preserver
   145 | D        | Found a transporter.
   157 | D        | Killed an ironbound preserver
   157 | D        | Reached ** piety under Lugonu
   158 | D        | Reached skill level 10 in Polearms
   158 | D        | Reached skill level 14 in Shields
   158 | D        | Reached XP level 9. HP: 60/82 MP: 9/9
   164 | D        | Killed a vault sentinel
   168 | D        | Killed a lindwurm
   169 | D        | Reached skill level 15 in Shields
   178 | D        | Killed a yaktaur captain
   178 | D        | Reached *** piety under Lugonu
   179 | D        | Reached XP level 10. HP: 35/91 MP: 10/10
   342 | D        | Got the orb of Beogh's Indignation {*channel, Rampage rPois
                  | MP-9 Str+2 Stlth+}
   345 | D        | Entered arena 5.
   345 | D        | Found a transporter.
   361 | D        | Reached **** piety under Lugonu
   374 | D        | Entered arena 6.
   374 | D        | Found a transporter.
   380 | D        | Reached skill level 16 in Shields
   384 | D        | Reached skill level 1 in Dodging
   394 | D        | Reached ***** piety under Lugonu
   403 | D        | Entered arena 7.
   403 | D        | Noticed a toenail golem
   403 | D        | Noticed a toenail golem
   403 | D        | Noticed a toenail golem
   403 | D        | Noticed a toenail golem
   403 | D        | Found a transporter.
   415 | D        | Killed a toenail golem
   443 | D        | Killed a toenail golem
   444 | D        | Reached skill level 17 in Shields
   449 | D        | Killed a toenail golem
   453 | D        | Killed a toenail golem
   462 | D        | Got the ring "Wesugaum" {rF+ rC+}
   618 | D        | Entered arena 8.
   618 | D        | Noticed a mummy priest
   618 | D        | Found a transporter.
   623 | D        | Noticed a smoke demon
   629 | D        | Killed a mummy priest
   639 | D        | Reached XP level 11. HP: 60/98 MP: 11/11
   643 | D        | Reached ****** piety under Lugonu
   644 | D        | Reached skill level 18 in Shields
   655 | D        | Got the ring of Buemuvusee {rF+ Str+6 Slay+2}
   660 | D        | Got the Tome of Bewitching Kinetic Energy
   772 | D        | Entered arena 9.
   772 | D        | Noticed a tentacled starspawn
   772 | D        | Noticed a will-o-the-wisp
   772 | D        | Found a transporter.
   781 | D        | Killed a will-o-the-wisp
   787 | D        | Killed a tentacled starspawn
   831 | D        | Got Sif Muna's Collected Works on the Tincture and
                  | Maleficent Ceremonies
   837 | D        | Entered arena 10.
   837 | D        | Noticed a thrashing horror
   837 | D        | Noticed a glowing orange brain
   837 | D        | Found a transporter.
   846 | D        | Killed a glowing orange brain
   847 | D        | Reached skill level 19 in Shields
   872 | D        | Killed a thrashing horror
   885 | D        | Got the +8 trident of Fate {flame, rElec}
   962 | D        | Entered arena 11.
   962 | D        | Noticed a worldbinder
   962 | D        | Noticed a tentacled starspawn
   962 | D        | Noticed a cacodemon
   962 | D        | Found a transporter.
   964 | D        | Noticed an orb spider
   966 | D        | Noticed a wolf spider
   966 | D        | Noticed a wolf spider
   981 | D        | Killed a tentacled starspawn
   982 | D        | Reached skill level 20 in Shields
   982 | D        | Reached skill level 1 in Evocations
   985 | D        | Killed a worldbinder
   994 | D        | Gained mutation: You occasionally lose the ability to drink
                  | potions when taking damage. [a cacodemon]
   995 | D        | Killed a cacodemon
  1034 | D        | Entered arena 12.
  1034 | D        | Noticed a frost giant
  1034 | D        | Noticed an ice dragon
  1034 | D        | Noticed a blizzard demon
  1053 | D        | Killed a frost giant
  1054 | D        | Reached skill level 15 in Fighting
  1054 | D        | Reached skill level 21 in Shields
  1054 | D        | Reached XP level 12. HP: 69/109 MP: 12/12
  1057 | D        | Killed an ice dragon
  1061 | D        | Killed a blizzard demon
  1062 | D        | Reached skill level 15 in Polearms
  1065 | D        | Found a transporter.
  1259 | D        | Got Vehumet's Quarto of the Charged Volley
  1269 | D        | Got the amulet "Uwaegix" {Acrobat rPois Str+3}
  1281 | D        | Entered arena 13.
  1281 | D        | Noticed a spriggan air mage
  1282 | D        | Found a transporter.
  1293 | D        | Killed a spriggan air mage
  1294 | D        | Reached skill level 22 in Shields
  1622 | D        | Got the Incunable of Last Rites and Doom
  1630 | D        | Entered arena 14.
  1630 | D        | Noticed a soul eater
  1630 | D        | Noticed a ghoul
  1630 | D        | Noticed a soul eater
  1631 | D        | Noticed a shadow dragon
  1631 | D        | Noticed a soul eater
  1631 | D        | Found the ring of the Tortoise {AC+8}
  1634 | D        | Found a transporter.
  1643 | D        | Killed a ghoul
  1644 | D        | Reached skill level 23 in Shields
  1646 | D        | Killed a soul eater
  1663 | D        | Mangled by a soul eater

Illustrated notes

Levels and vault maps discovered:
D:        sprint_v [room_start, room_1, room_2, room_3, room_4, room_5, room_6,
          room_7, room_8, room_9, room_10, room_11, room_12, room_13, room_14,
          room_15, room_16, room_17, room_18, room_19, room_20, room_21,
          room_22, room_23, room_24, room_25, room_26, room_27]

Skill      XL: |  1  2  3  4  5  6  7  8  9 10 11 12 |
---------------+-------------------------------------+-----
Fighting       | 5 6 7 10 11 12 13 15 16 | 16.0
Polearms       | 5 6 7 10 12 13 14 15 | 15.2
Armour         | 5 6 7 9 10 11 12 14 | 14.9
Shields        | 4 6 7 11 12 14 15 17 21 23 | 23.2
Dodging        | 1 2 3 |  3.4
Evocations     | 2 3 |  3.5
Stealth        | |  0.4

Action                     |  1- 3 |  4- 6 |  7- 9 | 10-12 || total
---------------------------+-------+-------+-------+-------++-------
  Melee: Demon trident     |     4 |    12 |    39 |   156 ||   211
         Trident           |       |       |       |   130 ||   130
  Evoke: Wand              |       |       |       |     9 ||     9
    Use: Potion            |     1 |     3 |     1 |    15 ||    20
         Scroll            |       |       |       |     1 ||     1
 Armour: Plate armour      |    12 |    13 |    25 |   364 ||   414
  Dodge: Dodged            |       |       |       |    43 ||    43
  Block: Kite shield       |    17 |    35 |    69 |   600 ||   721

Table legend: (Time is in decaauts)
 A = Elapsed time spent in this place.
 B = Non-inter-level travel time spent in this place.
 C = Inter-level travel time spent in this place.
 D = Time resting spent in this place.
 E = Time spent auto-exploring this place.
 F = Levels seen in this place.
 G = Mean time per level.
                   A        B        C        D        E       F      G
               +--------+--------+--------+--------+--------+-----+--------+
         Total |   1590 |   1590 |      0 |      0 |    957 |   1 | 1590.0 |
       Dungeon |   1590 |   1590 |      0 |      0 |    957 |   1 | 1590.0 |
               +--------+--------+--------+--------+--------+-----+--------+

Top non-repeatable levels by time:
       D: 1590 daAuts
